 Dungeon Crawl Stone Soup version 0.21-a0-243-g597973d (webtiles) character file.

18 Blomdor the Magician (level 2, -1/23 HPs)
             Began as a Barachi Wizard on Sept 4, 2017.
             Slain by a hobgoblin (2 damage)
             ... on level 1 of the Dungeon.
             The game lasted 00:01:19 (1050 turns).

Blomdor the Magician (Barachi Wizard)               Turns: 1050, Time: 00:01:19

Health: -1/23      AC:  2    Str:  8    XL:     2   Next: 70%
Magic:  6/6        EV: 12    Int: 18    God:
Gold:   59         SH:  0    Dex: 10    Spells: 6/7 levels left

rFire    . . .     SeeInvis .   e - -1 club (curse)
rCold    . . .     Gourm    .   (no shield)
rNeg     . . .     Faith    .   a - +0 robe
rPois    .         Spirit   .   b - +0 hat
rElec    .         Reflect  .   (no cloak)
rCorr    .         Harm     .   (no gloves)
MR       .....                  (no boots)
Stlth    ++........             (no amulet)
HPRegen  0.07/turn              (no ring)
MPRegen  0.10/turn              (no ring)

@: slow
A: +LOS, swims, slowness 1, strong legs 1
a: Hop


You were on level 1 of the Dungeon.
You were not hungry.

You visited 1 branch of the dungeon, and saw 2 of its levels.

You collected 59 gold pieces.

Inventory:

Hand Weapons
 e - a cursed -1 club (weapon)
Armour
 a - a +0 robe (worn)
 b - a +0 hat (worn)
Scrolls
 j - a scroll of amnesia
Potions
 g - a potion of curing {unknown}
 h - a potion of resistance {unknown}
Books
 c - a book of Minor Magic

   Spells                             Type                      Level
   a - Magic Dart                     Conjuration                  1
   b - Blink                          Translocation                2
   c - Call Imp                       Summoning                    2
   d - Slow                           Hexes                        2
   e - Conjure Flame                  Conjuration/Fire             3
   f - Mephitic Cloud                 Conjuration/Poison/Air       3
Comestibles
 d - a bread ration
 i - a royal jelly


   Skills:
 + Level 2.7 Fighting
 - Level 2.1 Dodging
 - Level 1.7 Stealth
 - Level 3.2 Spellcasting
 - Level 1.1 Conjurations
   Level 1.2 Summonings
   Level 1.1 Translocations


You had 6 spell levels left.
You knew the following spells:

 Your Spells              Type           Power        Failure   Level  Hunger
a - Magic Dart            Conj           #...         10%         1    None


Dungeon Overview and Level Annotations

Branches:
Dungeon (2/15)

Altars:


Innate Abilities, Weirdness & Mutations

Shadows flee at your approach. (+LOS)
You can swim through water.
You cover ground slowly.
You can hop short distances.


Message History

The hobgoblin is lightly wounded.
The hobgoblin barely misses you.
You hit the hobgoblin.
The hobgoblin is heavily wounded.
The hobgoblin hits you.
* * * LOW HITPOINT WARNING * * *
You closely miss the hobgoblin.
The hobgoblin is heavily wounded.
The hobgoblin misses you. The hobgoblin closely misses you.
You hit the hobgoblin but do no damage.
The hobgoblin is heavily wounded.
The hobgoblin hits you.
* * * LOW HITPOINT WARNING * * *
You hit the hobgoblin.
The hobgoblin is almost dead.
The hobgoblin barely misses you.
You hit the hobgoblin but do no damage.
The hobgoblin is almost dead.
The hobgoblin closely misses you. The hobgoblin hits you.
You die...

###.....# ###.....# ####
..#.####### ####... #.#.#.....#
##### #....## #.#.#.....#
#...#########.##.##
#.#.#.....#####.#.#.#.#.#.#.#.#.#
#>......................>........
#...............#.#.#.#.#.#.#.#.#
#.#.###...######@..[............)
###.# #...# ##g#.#.#.#.#.#.#.#
###.# #...# #.................
#...# ##### ##.#.#.#.#.#.#.#.#
#.######## #####....##.#.#####..
#.##.....# #.....##....#.# ##.
#.##.....# #.....###.###.# #.
.........# #.....'.......# #.
.........# #.....####.#### #.


You could see a hobgoblin.

Vanquished Creatures
  An ooze (D:1)
  A dart slug (D:1)
  A ball python (D:1)
  A giant cockroach (D:1)
  A hobgoblin (D:1)
  2 frilled lizards (D:1)
  3 goblins (D:1)
  2 kobolds (D:1)
12 creatures vanquished.

Notes
Turn   | Place    | Note
-------+----------+-------------------------------------------
     0 | D:1      | Blomdor the Barachi Wizard began the quest for the Orb.
     0 | D:1      | Reached XP level 1. HP: 13/13 MP: 4/4
   175 | D:1      | Reached skill level 1 in Fighting
   429 | D:1      | Reached XP level 2. HP: 16/22 MP: 3/6
  1046 | D:1      | HP: 1/23 [hobgoblin (1)]
  1050 | D:1      | Slain by a hobgoblin

Vault maps used:
D:1:      scummos_arrival_forest, hangedman_decor_riveting, st_stairs_12
D:2:      elyvilon_altar_5, yredelemnul_forgotten_temple_becter, first_bread

Skill      XL: |  1 |
---------------+----+-----
Fighting       | 2 |  2.7
Dodging        | |  2.1
Stealth        | |  1.7
Spellcasting   | |  3.2
Conjurations   | |  1.1
Summonings     | |  1.2
Translocations | |  1.1

Action                   || total
-------------------------++-------
Melee: Club              ||    56
       Unarmed           ||     1
 Cast: Magic Dart        ||    14
  Use: Scroll            ||     1
 Stab: Sleeping          ||     2
  Eat: Chunk             ||     1
Armor: Robe              ||    15
Dodge: Dodged            ||    50

Table legend:
 A = Spawn XP
 B = Non-spawn XP
 C = Spawn XP percentage of total XP
 D = Spawn monster count
 E = Non-spawn monster count
 F = Spawn count percentage of total count
 G = Total turns spent on level
                    A         B        C        D         E        F      G
               +---------+---------+-------+---------+---------+-------+---------
         Total |       5 |      22 |  18.5 |       3 |       9 |  25.0 |  1050
               +---------+---------+-------+---------+---------+-------+---------
           D:1 |       5 |      22 |  18.5 |       3 |       9 |  25.0 |  1046
               +---------+---------+-------+---------+---------+-------+---------
